cohdb
Replays
Latest Replays
All Replays
Popular Replays
Top Player Replays
Match Explorer
How It Works
Community
CoH3 Stats
Reddit
Sign in to upload your games and track your stats! →
Sign in with Steam
Match 34884446
Unlisted
Match 34884446
Overview
Messages
Build Orders
End
Scout Squad
Construct Weapon Support Center
Selects Special Operations Battlegroup
Selects M29 Weasel Recon Vehicle
Scout Squad
M1919 Machine Gun Team
Sniper
Construct Medical Station
Selects M29 Weasel with M1 Pack Howitzer
M29 Weasel with M1 Pack Howitzer
Bazooka Squad
Mechanized Support Center
Selects Raiding Flares
Construct Motor Pool
Selects SSF Commando Squad
SSF Commando Squad
M8 Greyhound Armored Car
SSF Commando Squad
Engineer Squad
Construct Tank Depot
SSF Commando Squad
M18 Hellcat Tank Destroyer
M4A1 Sherman Medium Tank
Franksalot
Liberator4515
0
0
Comments
sign in to comment!
No comments posted yet!